Tamiflu vs Rafales
Created - May 9, 2017 at 19:24
Goals
|
| Tamiflu |
0 |
1 |
1 |
2 |
| Rafales |
0 |
3 |
3 |
6 |
|
Shots
|
| Tamiflu |
10 |
12 |
14 |
36 |
| Rafales |
10 |
14 |
16 |
40 |
|
1st period
No Goal
Penalties :
Jordan Hendry (Det) for Holding (Minor) at 2:57
2nd period
1. Rafales , Cody McLeod 63 (Johan Ryno 16, Mike Zigomanis 76) at 0:10
2. Rafales , Nathan Davis 31 (Mark Fayne 30) at 7:28
3. Rafales , Cody McLeod 64 (Johan Ryno 17, Jonas Junland 21) at 12:28
4. Tamiflu , Lucas Lessio 7 (Casey Wellman 7, Colin Greening 17) at 16:15
Penalties :
Mark Fayne (Stf) for Slashing (Minor) at 18:11
3rd period
5. Rafales , Michael Bournival 10 (Jonathan Rheault 24, Mike Sislo 31) at 1:06
6. Tamiflu , Jamie Arniel 37 (Mike Duco 28, Philip Samuelsson 26) at 14:44
7. Rafales , Cody McLeod 65 (Johan Ryno 18, Mike Zigomanis 77) at 15:00
8. Rafales , Cody McLeod 66 (Bruno Gervais 19, Mike Zigomanis 78) at 18:39 (PP)
Penalties :
Thomas Greiss (Det) for Slashing (Minor) at 7:16 - Nino Niederreiter served the penalty, Stefan Elliott (Det) for Holding (Minor) at 12:15, Robert Dome (Det) for Hooking (Minor) at 18:22
Goalie Stats
Thomas Greiss (Det), 34 saves from 40 shots - (0.850), L, 33-23-9, 60:00 minutes
John Gibson (Stf), 34 saves from 36 shots - (0.944), W, 31-21-7, 60:00 minutes
Players Stats for Tamiflu
Player Name G A P +/- PIM S H SB GA TA FO MP PP MP PK MP
------------------------------------------------------------------------------------
Casey Wellman 0 1 1 0 0 0 1 0 0 0 0/0 7:42 0:00 0:00
Colin Greening 0 1 1 0 0 0 2 0 1 0 1/1 7:46 0:00 0:01
Greg Mauldin 0 0 0 -2 0 3 3 0 1 1 14/32 18:36 0:58 0:55
Jamie Arniel 1 0 1 0 0 4 3 1 0 2 7/18 19:00 1:01 1:42
Jan Mursak 0 0 0 -1 0 0 1 0 0 1 0/0 14:38 0:00 3:36
Jordan Hendry 0 0 0 -2 2 2 1 2 0 2 0/0 24:39 1:13 2:12
Justin Braun 0 0 0 -1 0 2 0 1 0 0 0/0 16:36 0:00 1:43
Kyle Lawson 0 0 0 -1 0 1 0 2 0 0 0/0 11:26 0:00 0:00
Lucas Lessio 1 0 1 0 0 3 0 0 0 0 0/0 8:50 0:00 0:56
Mattias Tedenby 0 0 0 -1 0 1 1 0 0 0 2/4 11:02 0:00 0:00
Mike Duco 0 1 1 0 0 3 4 0 1 0 1/1 13:14 0:00 1:42
Nathan Oystrick 0 0 0 0 0 0 2 3 1 0 0/0 19:34 0:46 3:00
Nino Niederreiter 0 0 0 -2 0 1 2 0 0 0 0/4 17:35 0:58 0:00
Petr Pohl 0 0 0 -1 0 5 1 1 1 1 2/7 20:24 1:01 3:36
Philip Samuelsson 0 1 1 -2 0 4 1 2 0 0 0/0 29:00 1:13 3:14
Robert Dome 0 0 0 -2 2 3 1 0 0 0 0/1 17:31 0:58 0:00
Stefan Elliott 0 0 0 1 2 1 0 2 0 1 0/0 19:22 0:46 2:19
Tye McGinn 0 0 0 -1 0 3 3 0 0 0 0/0 16:48 1:01 0:00
Players Stats for Rafales
Player Name G A P +/- PIM S H SB GA TA FO MP PP MP PK MP
------------------------------------------------------------------------------------
Bruno Gervais 0 1 1 1 0 1 1 1 0 0 0/0 26:18 4:02 0:39
Cody McLeod 4 0 4 3 0 11 5 1 1 0 1/3 22:43 3:33 1:06
Connor Murphy 0 0 0 1 0 0 0 0 0 0 0/0 13:55 0:00 1:20
Dan Fritsche 0 0 0 -1 0 2 0 0 0 0 4/7 11:30 0:00 0:38
Jeff Skinner 0 0 0 0 0 6 0 1 2 0 2/2 17:57 2:41 0:36
Johan Ryno 0 3 3 3 0 0 1 0 0 0 2/2 18:11 0:00 0:00
Jonas Junland 0 1 1 0 0 0 0 1 1 2 0/0 14:56 2:12 0:00
Jonathan Rheault 0 1 1 1 0 2 0 0 0 1 0/0 8:11 0:00 0:00
Kevin Veilleux 0 0 0 1 0 1 0 0 0 0 1/2 8:11 0:00 0:00
Marc-André Gragnani 0 0 0 1 0 2 0 1 0 0 0/0 20:26 2:12 0:39
Mark Fayne 0 1 1 1 2 3 2 2 0 0 0/0 25:47 4:02 0:00
Michael Bournival 1 0 1 0 0 2 1 0 0 0 0/0 12:01 2:41 0:29
Mike Sislo 0 1 1 -1 0 1 1 0 1 0 0/0 10:52 0:00 0:00
Mike Zigomanis 0 3 3 3 0 1 0 4 1 1 24/38 22:46 3:33 1:09
Milan Bartovic 0 0 0 1 0 3 2 0 1 0 0/0 14:00 0:00 0:00
Nathan Davis 1 0 1 0 0 2 1 1 0 0 7/14 17:21 2:41 0:00
Tim Crowder 0 0 0 -1 0 3 0 0 1 0 0/0 14:09 3:33 0:00
Willie Mitchell 0 0 0 2 0 0 1 1 0 1 0/0 18:46 0:00 1:20
3 Stars
1 - Cody McLeod (Stf)
2 - Mike Zigomanis (Stf)
3 - Johan Ryno (Stf)
Power Play
Tamiflu - 0 on 1 Attempt(s) - 0.00%
Rafales - 1 on 4 Attempt(s) - 25.00%
Penalty Kill
Tamiflu - 3 on 4 Attempt(s) - 75.00%
- Score 0 goal in Penalty Kill
Rafales - 1 on 1 Attempt(s) - 100.00%
- Score 0 goal in Penalty Kill
Team Stat
Tamiflu - Hits : 26 - Faceoff Wins : 27 - Blocked Shots : 14 - Penalty Minutes : 8
Rafales - Hits : 15 - Faceoff Wins : 41 - Blocked Shots : 13 - Penalty Minutes : 2
Official
Referees : O'Halloran Dan and Auger Stephane
Linesman : Steve Miller and Scott Cherrey
Game Notes
Cody McLeod has scored a Hat Trick!
Finance
Level 1 -- Attendance: 1422 (71.10%) -- Ticket Income $49,770
Level 2 -- Attendance: 728 (72.80%) -- Ticket Income $10,920
Total Attendance: 2150 (71.67%)
Total Ticket Income: $60,690
Other Income: $3,034
Total Income: $63,724
Tamiflu
5 vs 5 Forward
Center Left Wing Right Wing Time % Phy DF OF
1 Greg Mauldin Robert Dome Nino Niederreiter 35 0 2 3
2 Jamie Arniel Tye McGinn Petr Pohl 35 0 2 3
3 Mattias Tedenby Jan Mursak Mike Duco 20 1 2 2
4 Colin Greening Lucas Lessio Casey Wellman 10 1 2 2
5 vs 5 Defense
Defense Defense Time % Phy DF OF
1 Philip Samuelsson Jordan Hendry 40 1 2 2
2 Nathan Oystrick Stefan Elliott 30 1 2 2
3 Justin Braun Kyle Lawson 20 1 2 2
4 Justin Braun Philip Samuelsson 10 1 3 1
PowerPlay Forward
Center Left Wing Right Wing Time % Phy DF OF
1 Greg Mauldin Robert Dome Nino Niederreiter 50 0 1 4
2 Jamie Arniel Tye McGinn Petr Pohl 50 0 1 4
PowerPlay Defense
Defense Defense Time % Phy DF OF
1 Philip Samuelsson Jordan Hendry 60 0 2 3
2 Stefan Elliott Nathan Oystrick 40 0 2 3
Penalty Kill 4 Players Forward
Center Wing Time % Phy DF OF
1 Petr Pohl Jan Mursak 60 1 3 1
2 Jamie Arniel Mike Duco 40 1 3 1
Penalty Kill 4 Players Defense
Defense Defense Time % Phy DF OF
1 Nathan Oystrick Stefan Elliott 50 1 3 1
2 Philip Samuelsson Jordan Hendry 50 1 3 1
Penalty Kill - 3 Players Forward
Forward Time % Phy DF OF
1 Jan Mursak 60 1 4 0
2 Mike Duco 40 1 4 0
Penalty Kill - 3 Players Defense
Defense Defense Time % Phy DF OF
1 Nathan Oystrick Jordan Hendry 60 1 4 0
2 Philip Samuelsson Stefan Elliott 40 1 4 0
4 vs 4 Forward
Center Wing Time % Phy DF OF
1 Greg Mauldin Petr Pohl 50 1 2 2
2 Robert Dome Nino Niederreiter 50 1 2 2
4 vs 4 Defense
Defense Defense Time % Phy DF OF
1 Philip Samuelsson Jordan Hendry 60 1 2 2
2 Nathan Oystrick Justin Braun 40 1 2 2
Last Minutes Offensive
Center Left Wing Right Wing Defense Defense
Greg Mauldin Robert Dome Petr Pohl Philip Samuelsson Jordan Hendry
Last Minutes Defensive
Center Left Wing Right Wing Defense Defense
Jamie Arniel Jan Mursak Mike Duco Philip Samuelsson Nathan Oystrick
Goaltenders
Starting : Thomas Greiss
Backup : Tyler Beskorowany
Extra Forwards
Normal : Petr Pohl, Nino Niederreiter, Mike Duco - PP : Mattias Tedenby, Mike Duco - PK : Greg Mauldin
Extra Defensemen
Normal : Philip Samuelsson, Stefan Elliott, Justin Braun - PP : Justin Braun - PK : Justin Braun, Stefan Elliott
Penalty Shots
Mattias Tedenby, Jamie Arniel, Robert Dome, Nino Niederreiter, Greg Mauldin
Scratches
Adam Larsson (Healthy), Garrett Wilson (Healthy), Tanner Kero (Healthy), Greg McKegg (Healthy), Brett Bulmer (Healthy)
Stuart Percy (Healthy), Rich Clune (Healthy), Jerome Gauthier-Leduc (Healthy), Konrad Abeltshauser (Healthy), Phoenix Copley (Healthy)
Joe Fallon (Healthy)
Rafales
5 vs 5 Forward
Center Left Wing Right Wing Time % Phy DF OF
1 Mike Zigomanis Cody McLeod Johan Ryno 40 0 3 2
2 Nathan Davis Jeff Skinner Milan Bartovic 30 0 3 2
3 Dan Fritsche Mike Sislo Tim Crowder 20 0 3 2
4 Kevin Veilleux Michael Bournival Jonathan Rheault 10 0 3 2
5 vs 5 Defense
Defense Defense Time % Phy DF OF
1 Bruno Gervais Mark Fayne 40 0 4 1
2 Marc-André Gragnani Willie Mitchell 30 0 4 1
3 Connor Murphy Jonas Junland 20 0 4 1
4 Mark Fayne Bruno Gervais 10 0 4 1
PowerPlay Forward
Center Left Wing Right Wing Time % Phy DF OF
1 Mike Zigomanis Cody McLeod Tim Crowder 60 0 0 5
2 Nathan Davis Jeff Skinner Michael Bournival 40 0 0 5
PowerPlay Defense
Defense Defense Time % Phy DF OF
1 Bruno Gervais Mark Fayne 60 0 1 4
2 Marc-André Gragnani Jonas Junland 40 0 1 4
Penalty Kill 4 Players Forward
Center Wing Time % Phy DF OF
1 Cody McLeod Mike Zigomanis 60 0 5 0
2 Dan Fritsche Jeff Skinner 40 0 5 0
Penalty Kill 4 Players Defense
Defense Defense Time % Phy DF OF
1 Connor Murphy Willie Mitchell 60 0 5 0
2 Marc-André Gragnani Mark Fayne 40 0 5 0
Penalty Kill - 3 Players Forward
Forward Time % Phy DF OF
1 Cody McLeod 60 0 5 0
2 Mike Zigomanis 40 0 5 0
Penalty Kill - 3 Players Defense
Defense Defense Time % Phy DF OF
1 Connor Murphy Willie Mitchell 60 0 5 0
2 Marc-André Gragnani Mark Fayne 40 0 5 0
4 vs 4 Forward
Center Wing Time % Phy DF OF
1 Cody McLeod Mike Zigomanis 60 0 1 4
2 Nathan Davis Jeff Skinner 40 0 1 4
4 vs 4 Defense
Defense Defense Time % Phy DF OF
1 Willie Mitchell Mark Fayne 60 0 3 2
2 Marc-André Gragnani Jonas Junland 40 0 3 2
Last Minutes Offensive
Center Left Wing Right Wing Defense Defense
Mike Zigomanis Cody McLeod Jeff Skinner Connor Murphy Bruno Gervais
Last Minutes Defensive
Center Left Wing Right Wing Defense Defense
Mike Zigomanis Cody McLeod Michael Bournival Jonas Junland Willie Mitchell
Goaltenders
Starting : John Gibson
Backup : Philipp Grubauer
Extra Forwards
Normal : Cody McLeod, Mike Zigomanis, Jeff Skinner - PP : Cody McLeod, Mike Zigomanis - PK : Michael Bournival
Extra Defensemen
Normal : Bruno Gervais, Willie Mitchell, Connor Murphy - PP : Bruno Gervais - PK : Willie Mitchell, Marc-André Gragnani
Penalty Shots
Cody McLeod, Mike Zigomanis, Tim Crowder, Jeff Skinner, Nathan Davis
Scratches
Ben Sexton (Healthy), Brian Ferlin (Healthy), Ryan Bourque (Healthy), Carl Klingberg (Healthy), Nicklas Jensen (Healthy)
Geoff Paukovich (Healthy), Jayson Megna (Healthy), Brad Ross (Healthy), Matt Gilroy (Healthy), Dylan McIlrath (Healthy)
Petr Kalus (Healthy), Julian Melchiori (Healthy), David Broll (Healthy), Stefan Chaput (Healthy), James Marcou (Healthy)
Dennis Persson (Healthy), Akim Aliu (Healthy), Chris Terry (Healthy), Maksim Mayorov (Healthy), Hunter Tremblay (Healthy)
% Time on Ice - Tamiflu
Lines # - Real PCT - Wanted PCT - Time Play
Normal Forward
1 - 32% - 35% - 16:46
2 - 31% - 35% - 16:17
3 - 21% - 20% - 11:02
4 - 15% - 10% - 7:42
Normal Defense
1 - 40% - 40% - 20:31
2 - 32% - 30% - 16:23
3 - 22% - 20% - 11:26
4 - 7% - 10% - 3:27
PP Forward
1 - 49% - 50% - 0:58
2 - 51% - 50% - 1:01
PP Defense
1 - 61% - 60% - 1:13
2 - 39% - 40% - 0:46
PK Forward
1 - 73% - 60% - 4:32
2 - 27% - 40% - 1:42
PK Defense
1 - 48% - 50% - 3:00
2 - 52% - 50% - 3:14
PK3 Forward
1 - 0% - 60%
2 - 0% - 40%
PK3 Defense
1 - 0% - 60%
2 - 0% - 40%
44 Forward
1 - 0% - 50%
2 - 0% - 50%
44 Defense
1 - 0% - 60%
2 - 0% - 40%
Last Minute Offensive - 0:00
Last Minute Defensive - 0:00
Total
Forward - 60:00
Defense - 60:00
|
% Time on Ice - Rafales
Lines # - Real PCT - Wanted PCT - Time Play
Normal Forward
1 - 35% - 40% - 18:04
2 - 28% - 30% - 14:40
3 - 21% - 20% - 10:52
4 - 16% - 10% - 8:11
Normal Defense
1 - 39% - 40% - 20:08
2 - 34% - 30% - 17:35
3 - 22% - 20% - 11:39
4 - 5% - 10% - 2:25
PP Forward
1 - 57% - 60% - 3:33
2 - 43% - 40% - 2:41
PP Defense
1 - 65% - 60% - 4:02
2 - 35% - 40% - 2:12
PK Forward
1 - 80% - 60% - 1:35
2 - 20% - 40% - 0:24
PK Defense
1 - 67% - 60% - 1:20
2 - 33% - 40% - 0:39
PK3 Forward
1 - 0% - 60%
2 - 0% - 40%
PK3 Defense
1 - 0% - 60%
2 - 0% - 40%
44 Forward
1 - 0% - 60%
2 - 0% - 40%
44 Defense
1 - 0% - 60%
2 - 0% - 40%
Last Minute Offensive - 0:00
Last Minute Defensive - 0:00
Total
Forward - 60:00
Defense - 60:00
|
Play by Play
1st period
0:01 of 1st period - Greg Mauldin wins face-off versus Mike Zigomanis in neutral zone.
0:04 of 1st period - Wrist shot by Greg Mauldin.
0:04 of 1st period - Shot Misses the Net.
0:06 of 1st period - Snap shot by Greg Mauldin.
0:06 of 1st period - Stopped by John Gibson without a rebound.
0:07 of 1st period - Mike Zigomanis wins face-off versus Greg Mauldin in Rafales zone.
0:07 of 1st period - Mike Zigomanis is hit by Philip Samuelsson.
0:21 of 1st period - Wrist shot by Mike Zigomanis.
0:21 of 1st period - Shot Blocked by Jordan Hendry.
0:23 of 1st period - Slapshot by Bruno Gervais.
0:23 of 1st period - Deflect By Jordan Hendry.
0:23 of 1st period - Stopped by Thomas Greiss without a rebound.
0:24 of 1st period - Nathan Davis wins face-off versus Jamie Arniel in Tamiflu zone.
0:38 of 1st period - Snap shot by Petr Pohl.
0:38 of 1st period - Deflect By Jamie Arniel.
0:38 of 1st period - Stopped by John Gibson without a rebound.
0:39 of 1st period - Dan Fritsche wins face-off versus Mattias Tedenby in Rafales zone.
1:46 of 1st period - Stefan Elliott is hit by Johan Ryno and loses puck.
2:57 of 1st period - Minor Penalty to Jordan Hendry for Holding.
2:58 of 1st period - Mike Zigomanis wins face-off versus Petr Pohl in Tamiflu zone.
3:31 of 1st period - Wrist shot by Mike Duco.
3:31 of 1st period - Shot Misses the Net.
3:33 of 1st period - Snap shot by Mike Duco.
3:33 of 1st period - Stopped by John Gibson without a rebound.
3:34 of 1st period - Mike Duco wins face-off versus Nathan Davis in Rafales zone.
4:04 of 1st period - Jonas Junland is hit by Jamie Arniel and loses puck.
4:13 of 1st period - Mike Duco is hit by Cody McLeod and loses puck.
4:29 of 1st period - Jan Mursak is hit by Bruno Gervais.
4:56 of 1st period - Nathan Oystrick is hit by Michael Bournival and loses puck.
4:57 of 1st period - Penalty to Jordan Hendry is over, Jordan Hendry is back on ice.
5:11 of 1st period - Jonas Junland is hit by Nino Niederreiter and loses puck.
5:44 of 1st period - Snap shot by Tye McGinn.
5:44 of 1st period - Stopped by John Gibson without a rebound.
5:45 of 1st period - Nathan Davis wins face-off versus Jamie Arniel in Rafales zone.
5:52 of 1st period - Petr Pohl is hit by Nathan Davis.
6:14 of 1st period - Wrist shot by Greg Mauldin.
6:14 of 1st period - Shot Blocked by Mike Zigomanis.
6:32 of 1st period - Jan Mursak is hit by Mark Fayne and loses puck.
7:49 of 1st period - Snap shot by Milan Bartovic.
7:49 of 1st period - Deflect By Jeff Skinner.
7:49 of 1st period - Shot Misses the Net.
7:49 of 1st period - Puck is out of play.
7:50 of 1st period - Johan Ryno wins face-off versus Jamie Arniel in Tamiflu zone.
9:14 of 1st period - Snap shot by Jonathan Rheault.
9:14 of 1st period - Stopped by Thomas Greiss without a rebound.
9:15 of 1st period - Mike Zigomanis wins face-off versus Jamie Arniel in Tamiflu zone.
9:18 of 1st period - Wrist shot by Cody McLeod.
9:18 of 1st period - Stopped by Thomas Greiss with a rebound.
9:40 of 1st period - Willie Mitchell is hit by Jordan Hendry and loses puck.
9:49 of 1st period - Slapshot by Jeff Skinner.
9:49 of 1st period - Shot Misses the Net.
9:51 of 1st period - Slapshot by Marc-André Gragnani.
9:51 of 1st period - Shot Misses the Net.
10:06 of 1st period - Mike Sislo is hit by Mike Duco and loses puck.
10:11 of 1st period - Wrist shot by Mattias Tedenby.
10:11 of 1st period - Shot Misses the Net.
10:25 of 1st period - Wrist shot by Cody McLeod.
10:25 of 1st period - Stopped by Thomas Greiss without a rebound.
10:26 of 1st period - Mike Zigomanis wins face-off versus Greg Mauldin in Tamiflu zone.
10:33 of 1st period - Wrist shot by Mike Zigomanis.
10:33 of 1st period - Shot Blocked by Stefan Elliott.
10:35 of 1st period - Slapshot by Mike Zigomanis.
10:35 of 1st period - Shot Misses the Net.
10:37 of 1st period - Wrist shot by Cody McLeod.
10:37 of 1st period - Shot Blocked by Nathan Oystrick.
10:39 of 1st period - Wrist shot by Mike Zigomanis.
10:39 of 1st period - Shot Misses the Net.
10:56 of 1st period - Off-side.
10:57 of 1st period - Jamie Arniel wins face-off versus Nathan Davis in neutral zone.
11:08 of 1st period - Slapshot by Nathan Davis.
11:08 of 1st period - Deflect By Jeff Skinner.
11:08 of 1st period - Stopped by Thomas Greiss with a rebound.
11:22 of 1st period - Backhand shot by Milan Bartovic.
11:22 of 1st period - Shot Blocked by Jamie Arniel.
11:24 of 1st period - Slapshot by Bruno Gervais.
11:24 of 1st period - Shot Blocked by Jordan Hendry.
11:30 of 1st period - Snap shot by Jeff Skinner.
11:30 of 1st period - Stopped by Thomas Greiss with a rebound.
11:32 of 1st period - Wrist shot by Jeff Skinner.
11:32 of 1st period - Shot Hit the Post.
11:34 of 1st period - Slapshot by Nathan Davis.
11:34 of 1st period - Stopped by Thomas Greiss without a rebound.
11:35 of 1st period - Mike Zigomanis wins face-off versus Greg Mauldin in Tamiflu zone.
12:01 of 1st period - Bruno Gervais is hit by Mike Duco and loses puck.
12:08 of 1st period - Wrist shot by Mike Duco.
12:08 of 1st period - Shot Hit the Post.
12:10 of 1st period - Slapshot by Justin Braun.
12:10 of 1st period - Shot Blocked by Mark Fayne.
12:12 of 1st period - Slapshot by Justin Braun.
12:12 of 1st period - Shot Misses the Net.
12:24 of 1st period - Wrist shot by Tim Crowder.
12:24 of 1st period - Deflect By Philip Samuelsson.
12:24 of 1st period - Stopped by Thomas Greiss with a rebound.
12:26 of 1st period - Snap shot by Michael Bournival.
12:26 of 1st period - Shot Blocked by Philip Samuelsson.
12:28 of 1st period - Slapshot by Bruno Gervais.
12:28 of 1st period - Shot Misses the Net.
12:45 of 1st period - Off-side.
12:46 of 1st period - Nathan Davis wins face-off versus Jamie Arniel in neutral zone.
12:49 of 1st period - Snap shot by Jeff Skinner.
12:49 of 1st period - Stopped by Thomas Greiss without a rebound.
12:50 of 1st period - Jamie Arniel wins face-off versus Mike Zigomanis in Tamiflu zone.
12:50 of 1st period - Jamie Arniel is hit by Cody McLeod.
13:16 of 1st period - Nathan Oystrick is hit by Milan Bartovic.
14:22 of 1st period - Slapshot by Petr Pohl.
14:22 of 1st period - Stopped by John Gibson without a rebound.
14:23 of 1st period - Jamie Arniel wins face-off versus Mike Zigomanis in Rafales zone.
14:38 of 1st period - Wrist shot by Cody McLeod.
14:38 of 1st period - Stopped by Thomas Greiss without a rebound.
14:39 of 1st period - Greg Mauldin wins face-off versus Dan Fritsche in Tamiflu zone.
14:50 of 1st period - Snap shot by Robert Dome.
14:50 of 1st period - Deflect By Nino Niederreiter.
14:50 of 1st period - Shot Misses the Net.
14:50 of 1st period - Puck is out of play.
14:51 of 1st period - Johan Ryno wins face-off versus Greg Mauldin in Rafales zone.
16:06 of 1st period - Slapshot by Stefan Elliott.
16:06 of 1st period - Stopped by John Gibson with a rebound.
16:46 of 1st period - Snap shot by Petr Pohl.
16:46 of 1st period - Deflect By Tye McGinn.
16:46 of 1st period - Shot Misses the Net.
16:46 of 1st period - Puck is out of play.
16:47 of 1st period - Kevin Veilleux wins face-off versus Jamie Arniel in Rafales zone.
17:12 of 1st period - Willie Mitchell is hit by Robert Dome and loses puck.
17:49 of 1st period - Kyle Lawson is hit by Mike Sislo and loses puck.
18:00 of 1st period - Bruno Gervais is hit by Casey Wellman and loses puck.
18:07 of 1st period - Backhand shot by Colin Greening.
18:07 of 1st period - Shot Misses the Net.
18:09 of 1st period - Slapshot by Justin Braun.
18:09 of 1st period - Deflect By Lucas Lessio.
18:09 of 1st period - Stopped by John Gibson without a rebound.
18:10 of 1st period - Cody McLeod wins face-off versus Jamie Arniel in Rafales zone.
18:15 of 1st period - Snap shot by Petr Pohl.
18:15 of 1st period - Shot Misses the Net.
18:21 of 1st period - Snap shot by Jamie Arniel.
18:21 of 1st period - Stopped by John Gibson with a rebound.
18:23 of 1st period - Wrist shot by Petr Pohl.
18:23 of 1st period - Stopped by John Gibson with a rebound.
18:25 of 1st period - Snap shot by Jamie Arniel.
18:25 of 1st period - Shot Blocked by Cody McLeod.
19:18 of 1st period - Mark Fayne is hit by Colin Greening.
19:40 of 1st period - Snap shot by Greg Mauldin.
19:40 of 1st period - Stopped by John Gibson without a rebound.
19:41 of 1st period - Mike Zigomanis wins face-off versus Nino Niederreiter in Rafales zone.
19:41 of 1st period - Mike Zigomanis is hit by Nathan Oystrick.
19:56 of 1st period - Icing by Stefan Elliott.
19:57 of 1st period - Greg Mauldin wins face-off versus Nathan Davis in Tamiflu zone.
Goals for this period are 0 for Tamiflu vs 0 for Rafales.
Shots for this period are 10 for Tamiflu vs 10 for Rafales.
2nd period
0:01 of 2nd period - Mike Zigomanis wins face-off versus Jamie Arniel in neutral zone.
0:10 of 2nd period - Snap shot by Cody McLeod.
0:10 of 2nd period - Goal by Cody McLeod - Tamiflu : 0 - Rafales : 1.
0:11 of 2nd period - Mike Zigomanis wins face-off versus Jamie Arniel in neutral zone.
0:44 of 2nd period - Wrist shot by Jamie Arniel.
0:44 of 2nd period - Shot Misses the Net.
0:48 of 2nd period - Wrist shot by Petr Pohl.
0:48 of 2nd period - Shot Misses the Net.
0:50 of 2nd period - Slapshot by Justin Braun.
0:50 of 2nd period - Shot Misses the Net.
0:52 of 2nd period - Snap shot by Justin Braun.
0:52 of 2nd period - Deflect By Petr Pohl.
0:52 of 2nd period - Stopped by John Gibson with a rebound.
1:00 of 2nd period - Snap shot by Tye McGinn.
1:00 of 2nd period - Stopped by John Gibson with a rebound.
1:06 of 2nd period - Wrist shot by Mike Sislo.
1:06 of 2nd period - Stopped by Thomas Greiss with a rebound.
1:31 of 2nd period - Tim Crowder is hit by Tye McGinn and loses puck.
1:44 of 2nd period - Dan Fritsche is hit by Petr Pohl and loses puck.
1:49 of 2nd period - Snap shot by Jamie Arniel.
1:49 of 2nd period - Shot Misses the Net.
1:51 of 2nd period - Slapshot by Kyle Lawson.
1:51 of 2nd period - Stopped by John Gibson with a rebound.
1:53 of 2nd period - Slapshot by Justin Braun.
1:53 of 2nd period - Stopped by John Gibson without a rebound.
1:54 of 2nd period - Greg Mauldin wins face-off versus Mike Zigomanis in Rafales zone.
2:04 of 2nd period - Icing by Kyle Lawson.
2:05 of 2nd period - Mike Zigomanis wins face-off versus Nino Niederreiter in Tamiflu zone.
2:08 of 2nd period - Slapshot by Mike Zigomanis.
2:08 of 2nd period - Deflect By Cody McLeod.
2:08 of 2nd period - Shot Misses the Net.
2:08 of 2nd period - Puck is out of play.
2:09 of 2nd period - Greg Mauldin wins face-off versus Mike Zigomanis in Tamiflu zone.
2:34 of 2nd period - Willie Mitchell is hit by Mike Duco and loses puck.
3:39 of 2nd period - Mike Sislo is hit by Mike Duco and loses puck.
4:10 of 2nd period - Jan Mursak is hit by Cody McLeod and loses puck.
4:39 of 2nd period - Wrist shot by Jonathan Rheault.
4:39 of 2nd period - Stopped by Thomas Greiss without a rebound.
4:40 of 2nd period - Greg Mauldin wins face-off versus Kevin Veilleux in Tamiflu zone.
4:49 of 2nd period - Wrist shot by Robert Dome.
4:49 of 2nd period - Stopped by John Gibson with a rebound.
5:14 of 2nd period - Wrist shot by Mike Zigomanis.
5:14 of 2nd period - Stopped by Thomas Greiss with a rebound.
5:30 of 2nd period - Snap shot by Colin Greening.
5:30 of 2nd period - Shot Blocked by Mike Zigomanis.
7:12 of 2nd period - Snap shot by Mark Fayne.
7:12 of 2nd period - Stopped by Thomas Greiss without a rebound.
7:13 of 2nd period - Mattias Tedenby wins face-off versus Nathan Davis in Tamiflu zone.
7:28 of 2nd period - Slapshot by Nathan Davis.
7:28 of 2nd period - Goal by Nathan Davis - Tamiflu : 0 - Rafales : 2.
7:29 of 2nd period - Mike Zigomanis wins face-off versus Greg Mauldin in neutral zone.
7:40 of 2nd period - Slapshot by Philip Samuelsson.
7:40 of 2nd period - Stopped by John Gibson without a rebound.
7:41 of 2nd period - Greg Mauldin wins face-off versus Mike Zigomanis in Rafales zone.
7:44 of 2nd period - Wrist shot by Robert Dome.
7:44 of 2nd period - Shot Misses the Net.
8:13 of 2nd period - Backhand shot by Nathan Oystrick.
8:13 of 2nd period - Shot Blocked by Nathan Davis.
8:15 of 2nd period - Snap shot by Petr Pohl.
8:15 of 2nd period - Stopped by John Gibson without a rebound.
8:16 of 2nd period - Nathan Davis wins face-off versus Nino Niederreiter in Rafales zone.
8:16 of 2nd period - Nathan Davis is hit by Greg Mauldin.
8:30 of 2nd period - Snap shot by Nathan Davis.
8:30 of 2nd period - Shot Misses the Net.
8:48 of 2nd period - Snap shot by Jeff Skinner.
8:48 of 2nd period - Stopped by Thomas Greiss without a rebound.
8:49 of 2nd period - Jamie Arniel wins face-off versus Mike Zigomanis in Tamiflu zone.
9:04 of 2nd period - Snap shot by Cody McLeod.
9:04 of 2nd period - Shot Blocked by Philip Samuelsson.
9:11 of 2nd period - Icing by Tye McGinn.
9:12 of 2nd period - Dan Fritsche wins face-off versus Greg Mauldin in Tamiflu zone.
9:43 of 2nd period - Johan Ryno is hit by Tye McGinn.
10:59 of 2nd period - Mark Fayne is hit by Jan Mursak and loses puck.
11:08 of 2nd period - Snap shot by Mike Duco.
11:08 of 2nd period - Deflect By Mark Fayne.
11:08 of 2nd period - Shot Misses the Net.
11:08 of 2nd period - Puck is out of play.
11:09 of 2nd period - Mike Zigomanis wins face-off versus Greg Mauldin in Rafales zone.
11:14 of 2nd period - Robert Dome is hit by Cody McLeod and loses puck.
11:25 of 2nd period - Wrist shot by Robert Dome.
11:25 of 2nd period - Stopped by John Gibson with a rebound.
11:46 of 2nd period - Wrist shot by Nathan Davis.
11:46 of 2nd period - Shot Blocked by Kyle Lawson.
11:53 of 2nd period - Icing by Justin Braun.
11:54 of 2nd period - Colin Greening wins face-off versus Dan Fritsche in Tamiflu zone.
12:28 of 2nd period - Snap shot by Cody McLeod.
12:28 of 2nd period - Goal by Cody McLeod - Tamiflu : 0 - Rafales : 3.
12:29 of 2nd period - Greg Mauldin wins face-off versus Mike Zigomanis in neutral zone.
12:57 of 2nd period - Slapshot by Bruno Gervais.
12:57 of 2nd period - Deflect By Milan Bartovic.
12:57 of 2nd period - Stopped by Thomas Greiss without a rebound.
12:58 of 2nd period - Jeff Skinner wins face-off versus Petr Pohl in Tamiflu zone.
13:11 of 2nd period - Wrist shot by Nathan Davis.
13:11 of 2nd period - Shot Misses the Net.
14:29 of 2nd period - Slapshot by Petr Pohl.
14:29 of 2nd period - Stopped by John Gibson without a rebound.
14:30 of 2nd period - Nathan Davis wins face-off versus Greg Mauldin in Rafales zone.
14:30 of 2nd period - Nathan Davis is hit by Greg Mauldin.
14:36 of 2nd period - Snap shot by Jeff Skinner.
14:36 of 2nd period - Stopped by Thomas Greiss without a rebound.
14:37 of 2nd period - Greg Mauldin wins face-off versus Nathan Davis in Tamiflu zone.
15:06 of 2nd period - Wrist shot by Milan Bartovic.
15:06 of 2nd period - Shot Misses the Net.
15:08 of 2nd period - Slapshot by Jeff Skinner.
15:08 of 2nd period - Shot Blocked by Kyle Lawson.
15:10 of 2nd period - Wrist shot by Milan Bartovic.
15:10 of 2nd period - Stopped by Thomas Greiss without a rebound.
15:11 of 2nd period - Dan Fritsche wins face-off versus Greg Mauldin in Tamiflu zone.
15:18 of 2nd period - Wrist shot by Tim Crowder.
15:18 of 2nd period - Stopped by Thomas Greiss with a rebound.
15:20 of 2nd period - Snap shot by Jonas Junland.
15:20 of 2nd period - Shot Misses the Net.
15:22 of 2nd period - Snap shot by Mike Sislo.
15:22 of 2nd period - Shot Misses the Net.
15:24 of 2nd period - Wrist shot by Tim Crowder.
15:24 of 2nd period - Stopped by Thomas Greiss without a rebound.
15:25 of 2nd period - Mike Zigomanis wins face-off versus Greg Mauldin in Tamiflu zone.
15:38 of 2nd period - Robert Dome is hit by Cody McLeod and loses puck.
15:59 of 2nd period - Slapshot by Jordan Hendry.
15:59 of 2nd period - Shot Blocked by Jonas Junland.
16:01 of 2nd period - Slapshot by Philip Samuelsson.
16:01 of 2nd period - Shot Misses the Net.
16:13 of 2nd period - Slapshot by Colin Greening.
16:13 of 2nd period - Shot Misses the Net.
16:15 of 2nd period - Slapshot by Casey Wellman.
16:15 of 2nd period - Deflect By Lucas Lessio.
16:15 of 2nd period - Deflect By Mike Sislo.
16:15 of 2nd period - Goal by Lucas Lessio - Tamiflu : 1 - Rafales : 3.
16:16 of 2nd period - Mike Zigomanis wins face-off versus Greg Mauldin in neutral zone.
16:22 of 2nd period - Icing by Philip Samuelsson.
16:23 of 2nd period - Mike Zigomanis wins face-off versus Greg Mauldin in Tamiflu zone.
16:26 of 2nd period - Wrist shot by Cody McLeod.
16:26 of 2nd period - Stopped by Thomas Greiss without a rebound.
16:27 of 2nd period - Mike Zigomanis wins face-off versus Nino Niederreiter in Tamiflu zone.
16:28 of 2nd period - Backhand shot by Cody McLeod.
16:28 of 2nd period - Shot Misses the Net.
16:30 of 2nd period - Slapshot by Johan Ryno.
16:30 of 2nd period - Deflect By Mike Zigomanis.
16:30 of 2nd period - Shot Misses the Net.
16:30 of 2nd period - Puck is out of play.
16:31 of 2nd period - Mike Zigomanis wins face-off versus Greg Mauldin in Tamiflu zone.
16:46 of 2nd period - Wrist shot by Nino Niederreiter.
16:46 of 2nd period - Stopped by John Gibson without a rebound.
16:47 of 2nd period - Nathan Davis wins face-off versus Jamie Arniel in Rafales zone.
16:54 of 2nd period - Mark Fayne is hit by Tye McGinn and loses puck.
17:01 of 2nd period - Jeff Skinner is hit by Jamie Arniel and loses puck.
17:54 of 2nd period - Jonas Junland is hit by Nathan Oystrick and loses puck.
18:03 of 2nd period - Snap shot by Colin Greening.
18:03 of 2nd period - Deflect By Lucas Lessio.
18:03 of 2nd period - Stopped by John Gibson without a rebound.
18:04 of 2nd period - Mike Zigomanis wins face-off versus Greg Mauldin in Rafales zone.
18:04 of 2nd period - Mike Zigomanis is hit by Greg Mauldin.
18:11 of 2nd period - Minor Penalty to Mark Fayne for Slashing.
18:12 of 2nd period - Greg Mauldin wins face-off versus Cody McLeod in Rafales zone.
18:14 of 2nd period - Wrist shot by Greg Mauldin.
18:14 of 2nd period - Shot Blocked by Mike Zigomanis.
19:36 of 2nd period - Philip Samuelsson is hit by Willie Mitchell and loses puck.
Goals for this period are 1 for Tamiflu vs 3 for Rafales.
Shots for this period are 12 for Tamiflu vs 14 for Rafales.
3rd period
0:01 of 3rd period - Jamie Arniel wins face-off versus Cody McLeod in neutral zone.
0:11 of 3rd period - Penalty to Mark Fayne is over, Mark Fayne is back on ice.
0:15 of 3rd period - Wrist shot by Jamie Arniel.
0:15 of 3rd period - Shot Blocked by Mike Zigomanis.
0:25 of 3rd period - Milan Bartovic is hit by Nino Niederreiter and loses puck.
0:46 of 3rd period - Wrist shot by Dan Fritsche.
0:46 of 3rd period - Stopped by Thomas Greiss with a rebound.
1:06 of 3rd period - Snap shot by Michael Bournival.
1:06 of 3rd period - Goal by Michael Bournival - Tamiflu : 1 - Rafales : 4.
1:07 of 3rd period - Greg Mauldin wins face-off versus Mike Zigomanis in neutral zone.
1:20 of 3rd period - Wrist shot by Greg Mauldin.
1:20 of 3rd period - Stopped by John Gibson with a rebound.
1:22 of 3rd period - Slapshot by Jordan Hendry.
1:22 of 3rd period - Stopped by John Gibson with a rebound.
2:03 of 3rd period - Snap shot by Dan Fritsche.
2:03 of 3rd period - Shot Blocked by Nathan Oystrick.
2:41 of 3rd period - Wrist shot by Robert Dome.
2:41 of 3rd period - Shot Misses the Net.
2:43 of 3rd period - Wrist shot by Philip Samuelsson.
2:43 of 3rd period - Stopped by John Gibson without a rebound.
2:44 of 3rd period - Jamie Arniel wins face-off versus Nathan Davis in Rafales zone.
2:51 of 3rd period - Wrist shot by Petr Pohl.
2:51 of 3rd period - Shot Hit the Post.
2:53 of 3rd period - Backhand shot by Tye McGinn.
2:53 of 3rd period - Stopped by John Gibson with a rebound.
2:55 of 3rd period - Slapshot by Philip Samuelsson.
2:55 of 3rd period - Stopped by John Gibson without a rebound.
2:56 of 3rd period - Mike Zigomanis wins face-off versus Greg Mauldin in Rafales zone.
3:44 of 3rd period - Off-side.
3:45 of 3rd period - Mattias Tedenby wins face-off versus Dan Fritsche in neutral zone.
3:52 of 3rd period - Slapshot by Justin Braun.
3:52 of 3rd period - Stopped by John Gibson with a rebound.
3:54 of 3rd period - Snap shot by Mattias Tedenby.
3:54 of 3rd period - Stopped by John Gibson with a rebound.
4:00 of 3rd period - Wrist shot by Mattias Tedenby.
4:00 of 3rd period - Deflect By Mike Duco.
4:00 of 3rd period - Stopped by John Gibson without a rebound.
4:01 of 3rd period - Mike Zigomanis wins face-off versus Greg Mauldin in Rafales zone.
4:26 of 3rd period - Milan Bartovic is hit by Jamie Arniel and loses puck.
6:44 of 3rd period - Slapshot by Kevin Veilleux.
6:44 of 3rd period - Stopped by Thomas Greiss with a rebound.
6:46 of 3rd period - Slapshot by Michael Bournival.
6:46 of 3rd period - Shot Misses the Net.
7:14 of 3rd period - Snap shot by Nathan Davis.
7:14 of 3rd period - Shot Blocked by Justin Braun.
7:16 of 3rd period - Slapshot by Marc-André Gragnani.
7:16 of 3rd period - Stopped by Thomas Greiss without a rebound.
7:16 of 3rd period - Minor Penalty to Thomas Greiss for Slashing.
7:17 of 3rd period - Mike Zigomanis wins face-off versus Petr Pohl in Tamiflu zone.
7:26 of 3rd period - Snap shot by Mike Zigomanis.
7:26 of 3rd period - Shot Misses the Net.
7:28 of 3rd period - Wrist shot by Mike Zigomanis.
7:28 of 3rd period - Deflect By Cody McLeod.
7:28 of 3rd period - Stopped by Thomas Greiss with a rebound.
7:30 of 3rd period - Snap shot by Bruno Gervais.
7:30 of 3rd period - Shot Misses the Net.
7:46 of 3rd period - Slapshot by Mark Fayne.
7:46 of 3rd period - Deflect By Nathan Oystrick.
7:46 of 3rd period - Stopped by Thomas Greiss without a rebound.
7:47 of 3rd period - Petr Pohl wins face-off versus Mike Zigomanis in Tamiflu zone.
8:49 of 3rd period - Wrist shot by Greg Mauldin.
8:49 of 3rd period - Shot Blocked by Jeff Skinner.
9:16 of 3rd period - Penalty to Nino Niederreiter is over, Nino Niederreiter is back on ice.
9:33 of 3rd period - Icing by Dan Fritsche.
9:34 of 3rd period - Dan Fritsche wins face-off versus Petr Pohl in Rafales zone.
9:43 of 3rd period - Slapshot by Marc-André Gragnani.
9:43 of 3rd period - Deflect By Jamie Arniel.
9:43 of 3rd period - Stopped by Thomas Greiss with a rebound.
9:45 of 3rd period - Slapshot by Jonas Junland.
9:45 of 3rd period - Shot Misses the Net.
10:28 of 3rd period - Off-side.
10:29 of 3rd period - Greg Mauldin wins face-off versus Nathan Davis in neutral zone.
11:22 of 3rd period - Slapshot by Jordan Hendry.
11:22 of 3rd period - Shot Blocked by Marc-André Gragnani.
11:24 of 3rd period - Wrist shot by Mattias Tedenby.
11:24 of 3rd period - Shot Blocked by Willie Mitchell.
11:26 of 3rd period - Slapshot by Philip Samuelsson.
11:26 of 3rd period - Stopped by John Gibson without a rebound.
11:27 of 3rd period - Jeff Skinner wins face-off versus Mattias Tedenby in Rafales zone.
12:03 of 3rd period - Icing by Stefan Elliott.
12:04 of 3rd period - Nathan Davis wins face-off versus Jamie Arniel in Tamiflu zone.
12:05 of 3rd period - Snap shot by Milan Bartovic.
12:05 of 3rd period - Stopped by Thomas Greiss with a rebound.
12:15 of 3rd period - Minor Penalty to Stefan Elliott for Holding.
12:16 of 3rd period - Petr Pohl wins face-off versus Mike Zigomanis in Tamiflu zone.
12:52 of 3rd period - Wrist shot by Mark Fayne.
12:52 of 3rd period - Deflect By Nathan Oystrick.
12:52 of 3rd period - Stopped by Thomas Greiss with a rebound.
12:54 of 3rd period - Slapshot by Michael Bournival.
12:54 of 3rd period - Stopped by Thomas Greiss with a rebound.
12:56 of 3rd period - Wrist shot by Jeff Skinner.
12:56 of 3rd period - Stopped by Thomas Greiss with a rebound.
13:53 of 3rd period - Philip Samuelsson is hit by Mark Fayne and loses puck.
14:15 of 3rd period - Penalty to Stefan Elliott is over, Stefan Elliott is back on ice.
14:32 of 3rd period - Snap shot by Mike Duco.
14:32 of 3rd period - Shot Misses the Net.
14:34 of 3rd period - Snap shot by Jamie Arniel.
14:34 of 3rd period - Shot Misses the Net.
14:36 of 3rd period - Snap shot by Stefan Elliott.
14:36 of 3rd period - Shot Misses the Net.
14:38 of 3rd period - Slapshot by Philip Samuelsson.
14:38 of 3rd period - Shot Blocked by Mark Fayne.
14:40 of 3rd period - Snap shot by Mike Duco.
14:40 of 3rd period - Shot Blocked by Bruno Gervais.
14:42 of 3rd period - Snap shot by Mike Duco.
14:42 of 3rd period - Stopped by John Gibson with a rebound.
14:44 of 3rd period - Snap shot by Jamie Arniel.
14:44 of 3rd period - Goal by Jamie Arniel - Tamiflu : 2 - Rafales : 4.
14:45 of 3rd period - Mike Zigomanis wins face-off versus Greg Mauldin in neutral zone.
14:50 of 3rd period - Snap shot by Mike Zigomanis.
14:50 of 3rd period - Deflect By Cody McLeod.
14:50 of 3rd period - Stopped by Thomas Greiss without a rebound.
14:51 of 3rd period - Mike Zigomanis wins face-off versus Greg Mauldin in Tamiflu zone.
14:54 of 3rd period - Wrist shot by Mike Zigomanis.
14:54 of 3rd period - Shot Misses the Net.
15:00 of 3rd period - Wrist shot by Cody McLeod.
15:00 of 3rd period - Goal by Cody McLeod - Tamiflu : 2 - Rafales : 5.
15:01 of 3rd period - Greg Mauldin wins face-off versus Mike Zigomanis in neutral zone.
15:12 of 3rd period - Snap shot by Robert Dome.
15:12 of 3rd period - Stopped by John Gibson without a rebound.
15:13 of 3rd period - Mike Zigomanis wins face-off versus Robert Dome in Rafales zone.
15:20 of 3rd period - Slapshot by Robert Dome.
15:20 of 3rd period - Shot Misses the Net.
15:40 of 3rd period - Jamie Arniel is hit by Milan Bartovic and loses puck.
15:49 of 3rd period - Slapshot by Milan Bartovic.
15:49 of 3rd period - Shot Blocked by Petr Pohl.
15:59 of 3rd period - Willie Mitchell is hit by Mattias Tedenby and loses puck.
16:22 of 3rd period - Wrist shot by Cody McLeod.
16:22 of 3rd period - Shot Misses the Net.
17:03 of 3rd period - Snap shot by Greg Mauldin.
17:03 of 3rd period - Shot Misses the Net.
17:05 of 3rd period - Backhand shot by Jordan Hendry.
17:05 of 3rd period - Stopped by John Gibson with a rebound.
17:07 of 3rd period - Wrist shot by Robert Dome.
17:07 of 3rd period - Shot Misses the Net.
17:27 of 3rd period - Snap shot by Tim Crowder.
17:27 of 3rd period - Deflect By Mike Sislo.
17:27 of 3rd period - Shot Misses the Net.
17:27 of 3rd period - Puck is out of play.
17:28 of 3rd period - Greg Mauldin wins face-off versus Mike Zigomanis in Tamiflu zone.
17:55 of 3rd period - Slapshot by Dan Fritsche.
17:55 of 3rd period - Stopped by Thomas Greiss with a rebound.
18:22 of 3rd period - Minor Penalty to Robert Dome for Hooking.
18:23 of 3rd period - Mike Zigomanis wins face-off versus Petr Pohl in Tamiflu zone.
18:33 of 3rd period - Snap shot by Cody McLeod.
18:33 of 3rd period - Shot Blocked by Nathan Oystrick.
18:35 of 3rd period - Wrist shot by Cody McLeod.
18:35 of 3rd period - Stopped by Thomas Greiss with a rebound.
18:37 of 3rd period - Snap shot by Bruno Gervais.
18:37 of 3rd period - Shot Blocked by Stefan Elliott.
18:39 of 3rd period - Snap shot by Bruno Gervais.
18:39 of 3rd period - Deflect By Cody McLeod.
18:39 of 3rd period - Deflect By Stefan Elliott.
18:39 of 3rd period - Goal by Cody McLeod - Tamiflu : 2 - Rafales : 6.
18:40 of 3rd period - Jamie Arniel wins face-off versus Mike Zigomanis in neutral zone.
18:55 of 3rd period - Snap shot by Jamie Arniel.
18:55 of 3rd period - Stopped by John Gibson with a rebound.
19:49 of 3rd period - Kevin Veilleux is hit by Colin Greening and loses puck.
Goals for this period are 1 for Tamiflu vs 3 for Rafales.
Shots for this period are 14 for Tamiflu vs 16 for Rafales.
Back to the Top